Get step-by-step instructions on how to execute this build order below. Start the game timer, and the build order will tick by so you can play in parallel with StarCraft on a second screen or mobile device.

Game Time

  0:00

Last Step

  N/A

Next Step

Upcoming Step



Don't want to look back and forth between 2 screens? Try out our Overwolf App, the Spawning Tool Build Advisor to get an in-game overlay with this build!

Complete Build Order

  12  0:00  Drone  
  13  0:12  Overlord  
  13  0:18  Drone  
  14  0:31  Drone x2  
  16  0:49  Hatchery  
  15  0:52  Drone  
  15  0:56  Drone  
  17  0:59  Drone  
  18  1:12  Extractor  
  18  1:15  Spawning Pool  
  16  1:19  Drone  
  16  1:22  Drone  
  18  1:28  Drone  
  19  1:40  Overlord  
  19  1:50  Drone  
  20  2:03  Queen  
  20  2:04  Zergling x4, Queen  
  26  2:12  Drone  
  26  2:14  Overlord  
  27  2:25  Drone x2  
  29  2:33  Drone x2  
  31  2:40  Lair  
  31  2:43  Drone  
  32  2:45  Drone  
  33  2:54  Roach Warren  
  32  3:00  Evolution Chamber  
  32  3:03  Drone x2, Evolution Chamber  
  32  3:14  Spine Crawler  
  31  3:20  Overlord  
  31  3:21  Drone x2  
  31  3:22  Drone  
  31  3:26  Drone  
  35  3:29  Drone x2  
  37  3:39  Glial Reconstitution  
  37  3:41  Zerg Missile Weapons Level 1  
  37  3:47  Extractor  
  36  3:53  Drone x6  
  42  4:01  Drone  
  42  4:02  Drone  
  44  4:04  Overlord  
  44  4:16  Drone x2  
  46  4:18  Drone x2, Extractor  
  46  4:24  Overlord  
  47  4:26  Roach x4  
  47  4:27  Roach  
  57  4:35  Overlord  
  57  4:36  Overlord  
  57  4:42  Roach  
  59  4:49  Drone  
  59  4:50  Hydralisk Den  
  59  4:54  Roach x3  
  59  4:55  Roach  
  67  5:10  Zerg Ground Armor Level 1  
  67  5:16  Roach  
  67  5:17  Roach  
  67  5:20  Roach  
  73  5:23  Roach  
  73  5:26  Roach  
  77  5:30  Zergling x8  
  81  5:41  Ravager  
  82  5:45  Zergling x2  
  82  5:46  Zergling x2, Overlord  
  82  5:47  Overlord x4  
  84  6:04  Queen  
  84  6:09  Hydralisk  
  84  6:10  Hydralisk x4  
  90  6:28  Roach  
  90  6:29  Roach x4  
  96  6:39  Roach x4  
  96  6:54  Roach  
  96  6:55  Roach  
  83  7:14  Roach x8